 Dungeon Crawl Stone Soup version 0.30.0-29-ga12c61a403 (webtiles) character file.

Game seed: 832391841167741810

149 thromnambular the Poker (level 5, -1/32 HPs)
             Began as a Gargoyle Reaver on June 12, 2023.
             Slain by an iguana (7 damage)
             ... on level 4 of the Dungeon.
             The game lasted 00:06:02 (3502 turns).

thromnambular the Poker (Gargoyle Reaver)           Turns: 3502, Time: 00:06:03

Health: -1/32      AC: 12    Str: 15    XL:     5   Next: 31%
Magic:  8/8        EV: 11    Int: 14    God:
Gold:   224        SH:  0    Dex: 10    Spells: 3/8 levels left

rFire   . . .        a - +0 glaive (vamp)
rCold   . . .        (shield currently unavailable)
rNeg    + . .        b - +0 leather armour
rPois   ∞            q - +0 helmet
rElec   +            (no cloak)
rCorr   .            (no gloves)
SInv    .            (no boots)
Will    .....        (no amulet)
Stlth   +            l - +4 ring of protection
HPRegen 0.25/turn    (no ring)
MPRegen 0.11/turn

%: no passive effects
@: about to teleport
A: sickness immunity, AC +4, negative energy resistance 1, electricity
resistance, torment resistance 1, petrification resistance
a: no special abilities


You were on level 4 of the Dungeon.
You visited 1 branch of the dungeon, and saw 4 of its levels.

You collected 224 gold pieces.

Inventory:

Hand Weapons
 a - a +0 vampiric glaive (weapon)
 j - a +0 trident
Missiles
 d - a throwing net
Armour
 b - a +0 leather armour (worn)
 q - a +0 helmet (worn)
Jewellery
 l - a +4 ring of protection (left hand)
 o - a ring of protection from cold
Wands
 p - a wand of mindburst (20)
Scrolls
 e - a scroll of enchant armour {unknown}
 g - a scroll of teleportation
 m - a scroll of brand weapon {unknown}
Potions
 c - 6 potions of curing
 f - a potion of haste {unknown}
 h - 2 potions of attraction {unknown}
 i - a potion of flight
 k - a potion of cancellation
 n - a potion of heal wounds {unknown}


   Skills:
 + Level 3.4 Fighting
 * Level 4.2 Polearms
 + Level 1.0 Armour
 - Level 2.2 Dodging
 - Level 2.0 Spellcasting
 - Level 3.2 Conjurations


You had 3 spell levels left.
You knew the following spells:

 Your Spells              Type           Power      Damage    Failure   Level
a - Kiss of Death         Conj/Necr      24%        2d7       16%         1
b - Momentum Strike       Conj/Tloc      12%        3d8       22%         2
c - Blink                 Tloc           2%         N/A       41%         2

Your spell library contained the following spells:

 Spells                   Type           Power      Damage    Failure   Level
 Lesser Beckoning         Tloc           2%         N/A       41%         2
 Scorch                   Fire           2%         2d5       41%         2
 Hailstorm                Conj/Ice       6%         3d4       41%         3
 Inner Flame              Hex/Fire       1%         N/A       65%         3
 Flame Wave               Conj/Fire      6%         2d5       83%         4
 Sticky Flame             Conj/Fire      6%         2d3       83%         4
 Summon Cactus Giant      Summ           0%         N/A       100%        6


Dungeon Overview and Level Annotations

Branches:
Dungeon (4/15)
 Temple: D:4-7

Altars:


Innate Abilities, Weirdness & Mutations

You are immune to sickness and miasma.
Your stone body is resilient. (AC +4)
You are immune to poison.
You resist negative energy. (rN+)
You are resistant to electric shocks. (rElec)
You are resistant to unholy torment.
You are immune to petrification.


Message History

The iguana hisses angrily.
You closely miss the iguana. The iguana barely misses you.
You hit the iguana but do no damage. The iguana bites you.
The iguana bites you but does no damage.
You hit the iguana.
You feel better.
The iguana is moderately wounded.
The iguana misses you.
You slash the iguana!
You kill the iguana!
Your Armour skill increases to level 1!
No target in view!
No target in view!
You see here an iguana corpse.
c - 6 potions of curing (gained 1)
There is an open door here.
There is an open door here.
An iguana comes into view.
The iguana hisses angrily.
Okay, then.
You reach to attack!
You slash the iguana!
The iguana is heavily wounded.
You closely miss the iguana.
The iguana is heavily wounded.
The iguana completely misses you. The iguana bites you!
You barely miss the iguana.
The iguana is heavily wounded.
The iguana bites you.
You are too injured to fight recklessly!
You are too injured to fight recklessly!
You are too injured to fight recklessly!
You closely miss the iguana.
The iguana is heavily wounded.
The iguana bites you! The iguana barely misses you.
You hit the iguana but do no damage.
The iguana is heavily wounded.
The iguana bites you.
* * * LOW HITPOINT WARNING * * *
As you read the scroll of teleportation, it crumbles to dust.
You feel strangely unstable. The iguana bites you!
You die...

.....##...#.............#
.....##...................
.....##......#.#.####.#...
'######.#...........#.#########
....).#.#.........#.#.# #..<..#
#####.#.#.........#.#.###.#####
......#.#......#.......##.#
..(...#.####.#.#.#..#..##.#
......#.........@l..#..##.#
......######.#.#......# #.#
..........##.#.#...>..###.#
.....####....#)...........#
'#######.....###.#...######
.............+...#......#
########.....#####..###.#
#.....# #....# # #####.# #....#


You could see an iguana.

Vanquished Creatures
  An iguana (D:4)
  4 adders
  A dart slug (D:1)
  4 orcs
  2 bats
  12 endoplasms
  5 giant cockroaches
  5 goblins
  6 hobgoblins
  4 jackals (D:1)
  8 kobolds
  7 quokkas
  5 ball pythons
  4 frilled lizards
  5 rats
73 creatures vanquished.

Notes
Turn   | Place    | Note
-------+----------+-------------------------------------------
     0 | D:1      | thromnambular the Gargoyle Reaver began the quest for the
                  | Orb.
     0 | D:1      | Reached XP level 1. HP: 12/12 MP: 3/3
   272 | D:1      | Reached XP level 2. HP: 10/18 MP: 5/5
   274 | D:1      | Reached skill level 3 in Polearms
   523 | D:1      | Reached XP level 3. HP: 21/22 MP: 6/6
  1168 | D:2      | Learned a level 2 spell: Momentum Strike
  1245 | D:2      | You fall into a shaft and drop 1 floor!
  1321 | D:2      | Identified a scroll of acquirement
  1321 | D:2      | Acquired a +0 vampiric glaive
  1532 | D:2      | Reached XP level 4. HP: 24/24 MP: 7/7
  2369 | D:3      | Learned a level 2 spell: Blink
  2645 | D:3      | Reached skill level 4 in Polearms
  3044 | D:4      | Noticed an ogre
  3075 | D:4      | Reached XP level 5. HP: 28/32 MP: 8/8
  3328 | D:4      | Reached skill level 1 in Armour
  3502 | D:4      | Slain by an iguana

Illustrated notes

Levels and vault maps discovered:
D:1:      dpeg_arrival_pond, layout_basic, serial_aquarium,
          aquarium_bridge_island_small [aquarium_subvault_small_open,
          aquarium_subvault_bridge, aquarium_subvault_wall,
          aquarium_subvault_wall, aquarium_subvault_window],
          aquarium_bridge_straight [aquarium_subvault_bridge,
          aquarium_subvault_balcony, aquarium_subvault_bridge,
          aquarium_subvault_wall], aquarium_window_fake, aquarium_window_fake,
          aquarium_window_corner, aquarium_window_fake, aquarium_view_2b,
          aquarium_view_2d
D:2:      minmay_chambers_of_ones, layout_loops_ring, chequers_big_river,
          corexii_leaking_fountain, kennysheep_nondescript
D:3:      layout_loops_ring, chequers_decorated_corner, hangedman_decor_push
D:4:      minmay_goblin_kobold_castle, layout_basic, minmay_misc_feat_cross,
          nicolae_underground_beach

Skill      XL: |  1  2  3  4  5 |
---------------+----------------+-----
Polearms       | 3 4 |  4.2
Dodging        | 2 |  2.2
Fighting       | 3 |  3.4
Armour         | 1 |  1.0
Spellcasting   | |  2.0
Conjurations   | |  3.2

Action                     |  1- 3 |  4- 6 || total
---------------------------+-------+-------++-------
  Melee: Spear             |   163 |       ||   163
         Glaive            |    10 |   151 ||   161
         Punch             |     1 |       ||     1
   Cast: Kiss of Death     |     1 |       ||     1
    Use: Potion            |     1 |     1 ||     2
         Scroll            |     2 |     7 ||     9
   Stab: Sleeping          |       |     1 ||     1
 Armour: Skin              |     6 |       ||     6
         Leather armour    |    50 |    83 ||   133
  Dodge: Dodged            |    72 |    89 ||   161
